 Dungeon Crawl Stone Soup version 0.21-a0-329-g12f17e1 (webtiles) character file.

382 zxpr0jk the Ducker (level 6, -3/51 HPs)
             Began as a Gnoll Gladiator on Oct 2, 2017.
             Was an Initiate of Cheibriados.
             Slain by Eustachio
             ... wielding a +0 rapier
              (11 damage)
             ... on level 4 of the Dungeon.
             The game lasted 00:04:44 (2492 turns).

zxpr0jk the Ducker (Gnoll Gladiator)                Turns: 2492, Time: 00:04:44

Health: -3/51      AC:  9    Str: 23      XL:     6   Next: 76%
Magic:  9/9        EV: 11    Int: 12      God:    Cheibriados [......]
Gold:   100        SH:  0    Dex: 14 (18) Spells: 7/9 levels left

rFire    + + .     SeeInvis .     - Unarmed
rCold    . . .     Gourm    +   (no shield)
rNeg     . . .     Faith    .   w - +0 chain mail
rPois    .         Spirit   .   l - +0 helmet
rElec    .         Reflect  .   (no cloak)
rCorr    .         Harm     .   (no gloves)
MR       .....                  (no boots)
Stlth    ..........             b - amulet of the gourmand
HPRegen  0.17/turn              q - ring of protection from fire
MPRegen  0.11/turn              v - ring of protection from fire

@: mighty, very slow
A: distributed training, fangs 1, strong nose
a: Bend Time, Renounce Religion


You were on level 4 of the Dungeon.
You worshipped Cheibriados.
Cheibriados was noncommittal.
You were hungry.

You visited 1 branch of the dungeon, and saw 4 of its levels.

You collected 100 gold pieces.

Inventory:

Hand Weapons
 u - a +0 long sword
Missiles
 c - 3 throwing nets (quivered)
Armour
 l - a +0 helmet (worn)
 w - a +0 chain mail (worn)
Jewellery
 b - an amulet of the gourmand (around neck)
 q - a ring of protection from fire (left hand)
 v - a ring of protection from fire (right hand)
Wands
 s - a wand of digging (8/24)
Scrolls
 a - 3 scrolls of teleportation {unknown}
 g - 5 scrolls of identify {unknown}
 i - a scroll of random uselessness {unknown}
 k - 2 scrolls of blinking {unknown}
 m - a scroll of magic mapping {unknown}
 o - a scroll of recharging {unknown}
 r - a scroll of enchant armour {unknown}
 t - a scroll of amnesia {unknown}
 A - a scroll of noise {unknown}
Potions
 e - 6 potions of heal wounds {unknown}
 f - a potion of mutation {unknown}
 j - a potion of agility {unknown}
 p - 2 potions of might
Books
 x - a book of Minor Magic

   Spells                             Type                      Level
   a - Magic Dart                     Conjuration                  1
   b - Blink                          Translocation                2
   c - Call Imp                       Summoning                    2
   d - Slow                           Hexes                        2
   e - Conjure Flame                  Conjuration/Fire             3
   f - Mephitic Cloud                 Conjuration/Poison/Air       3
Comestibles
 d - 3 bread rations
 h - a royal jelly
 n - a meat ration
 z - 5 fruits


   Skills:
 + Level 5.0 Fighting
 + Level 2.0 Short Blades
 + Level 2.0 Long Blades
 + Level 2.0 Axes
 + Level 2.0 Maces & Flails
 + Level 2.0 Polearms
 + Level 2.0 Staves
 + Level 2.0 Slings
 + Level 2.0 Bows
 + Level 2.0 Crossbows
 + Level 5.0 Throwing
 + Level 2.0 Armour
 + Level 6.8 Dodging
 + Level 2.0 Stealth
   Level 0.0 Stabbing
 + Level 2.0 Shields
   Level 0.0 Traps
 + Level 6.8 Unarmed Combat
 + Level 2.0 Spellcasting
 + Level 2.0 Conjurations
 + Level 2.0 Hexes
 + Level 2.0 Charms
 + Level 2.0 Summonings
 + Level 2.0 Necromancy
 + Level 2.0 Translocations
 + Level 2.0 Transmutations
 + Level 2.0 Fire Magic
 + Level 2.0 Ice Magic
 + Level 2.0 Air Magic
 + Level 2.0 Earth Magic
 + Level 2.0 Poison Magic
 + Level 2.0 Invocations
 + Level 2.0 Evocations


You had 7 spell levels left.
You knew the following spells:

 Your Spells              Type           Power        Failure   Level  Hunger
a - Blink                 Tloc           N/A          82%         2    ###....


Dungeon Overview and Level Annotations

Branches:
Dungeon (4/15)
 Temple: D:4-7

Altars:
Cheibriados
Fedhas
Okawaru
Trog
Xom

Annotations:
D:4 Eustachio


Innate Abilities, Weirdness & Mutations

Your experience applies equally to all skills.
You have very sharp teeth.
Your uncanny sense of smell can sniff out nearby items.


Message History

The white imp freezes you. The quokka closely misses you.
Eustachio hits you with a rapier.
* * * LOW HITPOINT WARNING * * *
You hit Eustachio but do no damage. Your bite misses Eustachio.
Eustachio is severely wounded.
The quasit bites you but does no damage.
The quasit claws you but does no damage.
The quasit claws you.
* * * LOW HITPOINT WARNING * * *
The river rat bites you but does no damage.
The white imp hits you.
* * * LOW HITPOINT WARNING * * *
The white imp freezes you.
* * * LOW HITPOINT WARNING * * *
The quokka bites you but does no damage.
The quasit bites you but does no damage.
The quasit barely misses you. The quasit closely misses you.
You feel very mighty all of a sudden. Eustachio hits you with a rapier!
You die...

##### ####### ...# ......#
#################@####......#
................r@5b>#..5...#
#########.#######r5.5.......#
#.##########.####+###
#.....(.........#
############.##.# ...# # #..#
#..# #..#


You could see Eustachio, a quasit, a crimson imp, a river rat, a white imp, a
quokka and a bat.

Vanquished Creatures
  Sigmund (D:2)
  A crimson imp (D:3)
  A bullfrog skeleton (D:2)
  3 gnolls (D:3)
  5 adders
  An ooze (D:1)
  4 worms
  2 dart slugs
  2 leopard geckos
  3 orcs (D:3)
  5 giant cockroaches
  3 goblins
  8 hobgoblins
  2 jackals (D:1)
  9 kobolds
  A ball python (D:1)
  8 bats
  8 frilled lizards
  10 rats
77 creatures vanquished.

Notes
Turn   | Place    | Note
-------+----------+-------------------------------------------
     0 | D:1      | zxpr0jk the Gnoll Gladiator began the quest for the Orb.
     0 | D:1      | Reached XP level 1. HP: 20/20 MP: 1/1
    69 | D:1      | Reached XP level 2. HP: 26/26 MP: 2/2
   228 | D:1      | Reached XP level 3. HP: 21/31 MP: 3/3
   714 | D:2      | Found an iron altar of Okawaru.
   721 | D:2      | Reached skill level 1 in Short Blades
   721 | D:2      | Reached skill level 1 in Long Blades
   721 | D:2      | Reached skill level 1 in Axes
   721 | D:2      | Reached skill level 1 in Maces & Flails
   721 | D:2      | Reached skill level 1 in Polearms
   721 | D:2      | Reached skill level 1 in Staves
   721 | D:2      | Reached skill level 1 in Slings
   721 | D:2      | Reached skill level 1 in Bows
   721 | D:2      | Reached skill level 1 in Crossbows
   721 | D:2      | Reached skill level 1 in Armour
   721 | D:2      | Reached skill level 1 in Stealth
   721 | D:2      | Reached skill level 1 in Shields
   721 | D:2      | Reached skill level 1 in Spellcasting
   721 | D:2      | Reached skill level 1 in Conjurations
   721 | D:2      | Reached skill level 1 in Hexes
   721 | D:2      | Reached skill level 1 in Charms
   721 | D:2      | Reached skill level 1 in Summonings
   721 | D:2      | Reached skill level 1 in Necromancy
   721 | D:2      | Reached skill level 1 in Translocations
   721 | D:2      | Reached skill level 1 in Transmutations
   721 | D:2      | Reached skill level 1 in Fire Magic
   721 | D:2      | Reached skill level 1 in Ice Magic
   721 | D:2      | Reached skill level 1 in Air Magic
   721 | D:2      | Reached skill level 1 in Earth Magic
   721 | D:2      | Reached skill level 1 in Poison Magic
   721 | D:2      | Reached skill level 1 in Invocations
   721 | D:2      | Reached skill level 1 in Evocations
   721 | D:2      | Reached XP level 4. HP: 33/38 MP: 5/5
  1025 | D:2      | Noticed Sigmund
  1035 | D:2      | Killed Sigmund
  1035 | D:2      | Reached XP level 5. HP: 40/43 MP: 5/7
  1035 | D:2      | Reached XP level 6. HP: 46/50 MP: 5/8
  1421 | D:3      | Learned a level 2 spell: Blink
  1489 | D:3      | Found a bloodstained altar of Trog.
  1489 | D:3      | Found a snail-covered altar of Cheibriados.
  1490 | D:3      | Found a shimmering altar of Xom.
  1515 | D:3      | Became a worshipper of Cheibriados the Contemplative
  1545 | D:2      | Reached skill level 5 in Fighting
  1545 | D:2      | Reached skill level 5 in Throwing
  1983 | D:3      | Found a blossoming altar of Fedhas.
  2469 | D:4      | Noticed Eustachio
  2492 | D:4      | Slain by Eustachio

Vault maps used:
D:1:      ncdulo_wetmaze, hangedman_decor_points
D:2:      okawaru_trees_1, uniq_sigmund
D:3:      nicolae_overflow_hidden_temple, grunt_temple_overflow_open,
          fedhas_altar_fruit_tree
D:4:      first_bread, uniq_robin, uniq_eustachio, uniq_ijyb

Skill      XL: |  1  2  3  4  5  6 |
---------------+-------------------+-----
Short Blades   | 1 2 |  2.0
Long Blades    | 1 2 |  2.0
Axes           | 1 2 |  2.0
Maces & Flails | 1 2 |  2.0
Polearms       | 1 2 |  2.0
Staves         | 1 2 |  2.0
Slings         | 1 2 |  2.0
Bows           | 1 2 |  2.0
Crossbows      | 1 2 |  2.0
Armour         | 1 2 |  2.0
Stealth        | 1 2 |  2.0
Shields        | 1 2 |  2.0
Spellcasting   | 1 2 |  2.0
Conjurations   | 1 2 |  2.0
Hexes          | 1 2 |  2.0
Charms         | 1 2 |  2.0
Summonings     | 1 2 |  2.0
Necromancy     | 1 2 |  2.0
Translocations | 1 2 |  2.0
Transmutations | 1 2 |  2.0
Fire Magic     | 1 2 |  2.0
Ice Magic      | 1 2 |  2.0
Air Magic      | 1 2 |  2.0
Earth Magic    | 1 2 |  2.0
Poison Magic   | 1 2 |  2.0
Invocations    | 1 2 |  2.0
Evocations     | 1 2 |  2.0
Fighting       | 5 |  5.0
Throwing       | 5 |  5.0
Dodging        | |  6.8
Unarmed Combat | |  6.8

Action                   |  1- 3 |  4- 6 || total
-------------------------+-------+-------++-------
Melee: Unarmed           |    90 |   147 ||   237
       Bite              |    11 |    12 ||    23
       Punch             |     3 |     4 ||     7
  Use: Potion            |       |     1 ||     1
 Stab: Sleeping          |     2 |     1 ||     3
  Eat: Chunk             |       |     5 ||     5
Armor: Leather armour    |    10 |       ||    10
       Ring mail         |     3 |    21 ||    24
       Chain mail        |       |    78 ||    78
Dodge: Dodged            |    80 |   111 ||   191

Table legend:
 A = Spawn XP
 B = Non-spawn XP
 C = Spawn XP percentage of total XP
 D = Spawn monster count
 E = Non-spawn monster count
 F = Spawn count percentage of total count
 G = Total turns spent on level
                    A         B        C        D         E        F      G
               +---------+---------+-------+---------+---------+-------+---------
         Total |       0 |     547 |   0.0 |       0 |      77 |   0.0 |  2492
               +---------+---------+-------+---------+---------+-------+---------
           D:1 |       0 |      58 |   0.0 |       0 |      32 |   0.0 |   698
           D:2 |       0 |     330 |   0.0 |       0 |      19 |   0.0 |   878
           D:3 |       0 |     159 |   0.0 |       0 |      26 |   0.0 |   840
               +---------+---------+-------+---------+---------+-------+---------
